2698 views
Uploaded 2020-02-01 15:25:39
Game version 1.32 / 1.32.1
22:33 long 3on3 ladder game on (6)Monsoon_LV
Saved by BEARAND
2698 views
Uploaded 2020-02-01 15:25:39
Game version 1.32 / 1.32.1
22:33 long 3on3 ladder game on (6)Monsoon_LV


57 units @ 5.3k
/ 0.1k
124 buildings @ 7.7k
/ 3.5k



| Orb of Corruption | 3 | 1125 |
| Potion of Healing | 1 | 150 |
| Staff of Teleportation | 2 | 300 |
| Boots of Speed | 2 | 500 |
| Scroll of Regeneration | 1 | 100 |
| Staff of Sanctuary | 2 | 500 |
| total: | 11 | 2675g |
| Acolyte | 7 | 525 | / | 0 |
| Ghoul | 9 | 1080 | / | 0 |
| Obsidian Statue | 2 | 400 | / | 70 |
| Ogre Magi | 1 | 320 | / | 50 |
| total: | 19 | 2325g | / | 120w |
| Altar of Darkness | 1 | 180 | / | 50 |
| Ziggurat | 4 | 600 | / | 200 |
| Crypt | 1 | 200 | / | 50 |
| Tomb of Relics | 5 | 650 | / | 150 |
| Graveyard | 1 | 215 | / | 0 |
| Slaughterhouse | 1 | 140 | / | 135 |
| Halls of the Dead | 1 | 320 | / | 210 |
| Black Citadel | 1 | 325 | / | 230 |
| total: | 13 | 1985g | / | 585w |
| 0:00 | Acolyte |
| 0:05 | Altar of Darkness |
| 0:09 | Ziggurat |
| 0:14 | Acolyte |
| 0:26 | Crypt |
| 0:44 | Acolyte |
| 1:08 | Tomb of Relics |
| 1:13 | Tomb of Relics |
| 1:14 | Tomb of Relics |
| 1:34 | Ghoul |
| 1:34 | Ghoul |
| 1:52 | Ziggurat |
| 2:08 | Death Coil |
| 2:18 | Ghoul |
| 2:20 | Ghoul |
| 2:39 | Acolyte |
| 3:29 | Acolyte |
| 3:29 | Acolyte |
| 3:29 | Acolyte |
| 3:31 | Ghoul |
| 3:50 | Staff of Teleportation |
| 3:50 | Boots of Speed |
| 4:03 | Ghoul |
| 5:09 | Halls of the Dead |
| 5:37 | Ghoul |
| 5:37 | Ghoul |
| 5:43 | Scroll of Regeneration |
| 5:49 | Ghoul |
| 5:56 | Graveyard |
| 6:05 | Unholy Aura |
| 6:47 | Ziggurat |
| 7:33 | Black Citadel |
| 7:36 | Ziggurat |
| 7:43 | Ogre Magi |
| 8:38 | Death Coil |
| 8:41 | Frost Nova |
| 9:23 | Staff of Teleportation |
| 9:23 | Boots of Speed |
| 11:17 | Frost Armor |
| 11:32 | Slaughterhouse |
| 11:38 | Tomb of Relics |
| 11:40 | Tomb of Relics |
| 11:50 | Silence |
| 13:13 | Unholy Aura |
| 15:13 | Orb of Corruption |
| 15:18 | Staff of Sanctuary |
| 15:23 | Potion of Healing |
| 15:28 | Obsidian Statue |
| 15:28 | Obsidian Statue |
| 15:50 | Orb of Corruption |
| 15:56 | Orb of Corruption |
| 17:08 | Life Drain |
| 18:05 | Staff of Sanctuary |
| 20:28 | Frost Nova |
| 21:40 | Silence |
| 22:19 | Death Coil |
| Right click | 1429 |
| Select | 998 |
| Select group | 395 |
| Build/train/purchase | 117 |
| Assign group | 89 |
| Use ability | 66 |
| Resource trade | 37 |
| Misc. action | 15 |
| Item give/drop | 10 |
| Chat | 10 |
| Minimap ping | 4 |



x1)
| Mechanical Critter | 3 | 150 |
| Scroll of Regeneration | 1 | 100 |
| Staff of Sanctuary | 3 | 750 |
| Orb of Fire | 2 | 650 |
| Boots of Speed | 3 | 750 |
| Staff of Teleportation | 3 | 450 |
| Tome of Retraining | 1 | 300 |
| Orb of Corruption | 1 | 375 |
| total: | 17 | 3525g |
| Peasant | 19 | 1425 | / | 0 |
| Priest | 1 | 135 | / | 10 |
| total: | 20 | 1560g | / | 10w |
| Scout Tower | 25 | 750 | / | 500 |
| Arcane Tower | 2 | 140 | / | 100 |
| Guard Tower | 14 | 980 | / | 700 |
| Altar of Kings | 1 | 180 | / | 50 |
| Lumber Mill | 1 | 120 | / | 0 |
| Farm | 5 | 400 | / | 100 |
| Arcane Vault | 2 | 260 | / | 60 |
| Town Hall | 1 | 385 | / | 205 |
| Arcane Sanctum | 1 | 150 | / | 140 |
| Keep | 1 | 320 | / | 210 |
| Castle | 1 | 360 | / | 210 |
| total: | 36 | 2245g | / | 1055w |
| 0:01 | Peasant |
| 0:04 | Altar of Kings |
| 0:11 | Peasant |
| 0:20 | Lumber Mill |
| 0:27 | Farm |
| 0:29 | Peasant |
| 0:41 | Peasant |
| 0:58 | Farm |
| 1:09 | Peasant |
| 1:18 | Peasant |
| 1:24 | Peasant |
| 1:30 | Scout Tower |
| 1:33 | Peasant |
| 1:39 | Improved Masonry |
| 1:43 | Scout Tower |
| 1:55 | Peasant |
| 1:59 | Arcane Tower |
| 2:01 | Scout Tower |
| 2:08 | Peasant |
| 2:17 | Scout Tower |
| 2:22 | Guard Tower |
| 2:26 | Peasant |
| 2:33 | Summon Water Elemental |
| 2:50 | Peasant |
| 3:04 | Peasant |
| 3:24 | Guard Tower |
| 3:26 | Scout Tower |
| 3:26 | Scout Tower |
| 3:43 | Peasant |
| 3:59 | Guard Tower |
| 4:02 | Keep |
| 4:06 | Arcane Vault |
| 4:28 | Boots of Speed |
| 4:29 | Staff of Teleportation |
| 4:41 | Scout Tower |
| 4:42 | Scout Tower |
| 4:42 | Guard Tower |
| 5:34 | Mechanical Critter |
| 5:49 | Guard Tower |
| 5:51 | Scout Tower |
| 6:10 | Brilliance Aura |
| 6:22 | Farm |
| 6:43 | Guard Tower |
| 6:44 | Scout Tower |
| 6:48 | Town Hall |
| 6:52 | Castle |
| 6:54 | Advanced Masonry |
| 7:10 | Farm |
| 7:11 | Scout Tower |
| 7:12 | Farm |
| 7:18 | Guard Tower |
| 7:22 | Scout Tower |
| 7:23 | Scout Tower |
| 7:29 | Mechanical Critter |
| 7:30 | Mechanical Critter |
| 7:32 | Scroll of Regeneration |
| 7:45 | Arcane Tower |
| 8:12 | Storm Bolt |
| 8:34 | Guard Tower |
| 8:35 | Scout Tower |
| 8:56 | Arcane Sanctum |
| 8:58 | Arcane Vault |
| 9:01 | Peasant |
| 9:01 | Peasant |
| 9:01 | Peasant |
| 9:06 | Guard Tower |
| 9:35 | Boots of Speed |
| 9:35 | Staff of Teleportation |
| 9:37 | Summon Water Elemental |
| 10:09 | Peasant |
| 10:10 | Peasant |
| 10:23 | Thunder Clap |
| 10:32 | Tome of Retraining |
| 10:32 | Retrain Hero |
| 10:38 | Storm Bolt |
| 10:39 | Bash |
| 11:03 | Holy Light |
| 11:12 | Scout Tower |
| 11:19 | Boots of Speed |
| 11:45 | Staff of Teleportation |
| 11:55 | Guard Tower |
| 11:57 | Priest Adept Training |
| 11:58 | Priest |
| 12:11 | Scout Tower |
| 12:11 | Scout Tower |
| 12:12 | Scout Tower |
| 12:12 | Scout Tower |
| 12:14 | Scout Tower |
| 12:14 | Scout Tower |
| 12:15 | Scout Tower |
| 12:16 | Scout Tower |
| 12:35 | Magic Sentry |
| 13:04 | Imbued Masonry |
| 14:48 | Guard Tower |
| 15:29 | Divine Shield |
| 15:58 | Storm Bolt |
| 16:00 | Guard Tower |
| 16:09 | Scout Tower |
| 16:10 | Scout Tower |
| 16:17 | Staff of Sanctuary |
| 16:18 | Staff of Sanctuary |
| 16:23 | Orb of Fire |
| 16:31 | Orb of Fire |
| 17:05 | Brilliance Aura |
| 19:37 | Holy Light |
| 19:59 | Guard Tower |
| 20:57 | Guard Tower |
| 21:06 | Staff of Sanctuary |
| 22:11 | Bash |
| 22:15 | Orb of Corruption |
| Right click | 1461 |
| Select group | 982 |
| Assign group | 387 |
| Select | 317 |
| Build/train/purchase | 278 |
| Use ability | 66 |
| Misc. action | 58 |
| Item give/drop | 15 |
| Resource trade | 4 |



| Potion of Healing | 3 | 450 |
| Staff of Sanctuary | 3 | 750 |
| Potion of Mana | 2 | 400 |
| Boots of Speed | 2 | 500 |
| Staff of Teleportation | 2 | 300 |
| Orb of Corruption | 1 | 375 |
| total: | 13 | 2775g |
| Peasant | 17 | 1275 | / | 0 |
| Priest | 1 | 135 | / | 10 |
| total: | 18 | 1410g | / | 10w |
| Scout Tower | 64 | 1920 | / | 1280 |
| Arcane Tower | 4 | 280 | / | 200 |
| Guard Tower | 37 | 2590 | / | 1850 |
| Altar of Kings | 1 | 180 | / | 50 |
| Farm | 4 | 320 | / | 80 |
| Lumber Mill | 1 | 120 | / | 0 |
| Arcane Vault | 3 | 390 | / | 90 |
| Town Hall | 1 | 385 | / | 205 |
| Arcane Sanctum | 1 | 150 | / | 140 |
| Keep | 1 | 320 | / | 210 |
| Castle | 1 | 360 | / | 210 |
| total: | 75 | 3465g | / | 1845w |
| 0:06 | Peasant |
| 0:06 | Peasant |
| 0:10 | Altar of Kings |
| 0:16 | Peasant |
| 0:22 | Farm |
| 0:30 | Peasant |
| 0:43 | Farm |
| 0:49 | Peasant |
| 1:08 | Lumber Mill |
| 1:11 | Peasant |
| 1:17 | Scout Tower |
| 1:24 | Peasant |
| 1:24 | Peasant |
| 1:39 | Peasant |
| 1:42 | Arcane Tower |
| 1:44 | Scout Tower |
| 1:49 | Peasant |
| 1:57 | Scout Tower |
| 2:10 | Blizzard |
| 2:14 | Scout Tower |
| 2:23 | Scout Tower |
| 2:23 | Arcane Tower |
| 2:24 | Scout Tower |
| 2:30 | Guard Tower |
| 2:34 | Peasant |
| 2:34 | Peasant |
| 2:37 | Scout Tower |
| 2:42 | Guard Tower |
| 3:20 | Guard Tower |
| 3:20 | Guard Tower |
| 3:21 | Scout Tower |
| 3:22 | Scout Tower |
| 3:32 | Scout Tower |
| 3:33 | Scout Tower |
| 3:34 | Scout Tower |
| 3:39 | Improved Masonry |
| 3:59 | Scout Tower |
| 4:00 | Guard Tower |
| 4:01 | Scout Tower |
| 4:02 | Keep |
| 4:04 | Guard Tower |
| 4:25 | Scout Tower |
| 4:26 | Guard Tower |
| 4:28 | Scout Tower |
| 4:32 | Brilliance Aura |
| 4:36 | Guard Tower |
| 4:37 | Scout Tower |
| 4:39 | Scout Tower |
| 5:02 | Guard Tower |
| 5:16 | Arcane Vault |
| 5:16 | Guard Tower |
| 5:19 | Farm |
| 5:19 | Farm |
| 5:27 | Guard Tower |
| 5:28 | Guard Tower |
| 5:29 | Scout Tower |
| 5:30 | Scout Tower |
| 5:30 | Scout Tower |
| 5:37 | Scout Tower |
| 5:38 | Guard Tower |
| 5:39 | Scout Tower |
| 6:02 | Guard Tower |
| 6:15 | Boots of Speed |
| 6:25 | Guard Tower |
| 6:26 | Guard Tower |
| 6:27 | Scout Tower |
| 6:28 | Scout Tower |
| 6:30 | Scout Tower |
| 6:31 | Staff of Teleportation |
| 6:37 | Scout Tower |
| 7:16 | Scout Tower |
| 7:17 | Scout Tower |
| 7:17 | Scout Tower |
| 7:18 | Guard Tower |
| 7:58 | Potion of Healing |
| 8:02 | Arcane Sanctum |
| 8:04 | Storm Bolt |
| 8:20 | Blizzard |
| 8:41 | Potion of Healing |
| 8:50 | Guard Tower |
| 8:52 | Scout Tower |
| 8:53 | Scout Tower |
| 8:56 | Scout Tower |
| 8:58 | Scout Tower |
| 9:25 | Guard Tower |
| 9:33 | Bash |
| 9:46 | Peasant |
| 9:46 | Peasant |
| 9:46 | Peasant |
| 9:47 | Improved Lumber Harvesting |
| 10:11 | Town Hall |
| 10:22 | Boots of Speed |
| 10:33 | Scout Tower |
| 10:34 | Arcane Tower |
| 10:37 | Scout Tower |
| 11:22 | Guard Tower |
| 11:23 | Scout Tower |
| 11:26 | Castle |
| 11:28 | Scout Tower |
| 11:35 | Advanced Masonry |
| 11:46 | Arcane Tower |
| 11:48 | Scout Tower |
| 12:01 | Arcane Vault |
| 12:22 | Guard Tower |
| 12:23 | Guard Tower |
| 12:24 | Peasant |
| 12:24 | Peasant |
| 12:45 | Staff of Teleportation |
| 13:17 | Guard Tower |
| 13:17 | Guard Tower |
| 13:19 | Scout Tower |
| 13:20 | Scout Tower |
| 13:20 | Scout Tower |
| 13:21 | Scout Tower |
| 13:22 | Scout Tower |
| 14:18 | Storm Bolt |
| 14:46 | Holy Light |
| 14:52 | Guard Tower |
| 14:57 | Staff of Sanctuary |
| 15:01 | Arcane Vault |
| 15:08 | Scout Tower |
| 15:09 | Scout Tower |
| 15:10 | Scout Tower |
| 15:10 | Scout Tower |
| 15:10 | Scout Tower |
| 15:11 | Scout Tower |
| 15:12 | Scout Tower |
| 15:12 | Scout Tower |
| 15:14 | Scout Tower |
| 15:16 | Scout Tower |
| 15:16 | Scout Tower |
| 15:17 | Scout Tower |
| 15:18 | Guard Tower |
| 15:25 | Potion of Mana |
| 15:25 | Potion of Mana |
| 15:29 | Potion of Healing |
| 15:30 | Guard Tower |
| 15:35 | Guard Tower |
| 15:35 | Guard Tower |
| 16:27 | Guard Tower |
| 16:43 | Guard Tower |
| 16:46 | Guard Tower |
| 16:50 | Magic Sentry |
| 16:51 | Priest |
| 16:51 | Priest Adept Training |
| 16:58 | Imbued Masonry |
| 17:20 | Orb of Corruption |
| 17:24 | Guard Tower |
| 17:29 | Staff of Sanctuary |
| 17:32 | Staff of Sanctuary |
| 18:03 | Brilliance Aura |
| 20:47 | Guard Tower |
| 20:48 | Scout Tower |
| 20:49 | Scout Tower |
| 20:50 | Scout Tower |
| 20:50 | Scout Tower |
| 20:53 | Scout Tower |
| 20:54 | Scout Tower |
| 20:54 | Scout Tower |
| 20:54 | Scout Tower |
| 21:11 | Divine Shield |
| 22:13 | Bash |
| Right click | 2638 |
| Select | 603 |
| Select group | 269 |
| Build/train/purchase | 182 |
| Use ability | 78 |
| Chat | 32 |
| Misc. action | 25 |
| Assign group | 8 |
| Item give/drop | 7 |
| Minimap ping | 6 |
| Esc | 2 |
104 units @ 14.4k
/ 1.6k
57 buildings @ 8.4k
/ 3.5k

| Scroll of Regeneration | 1 | 100 |
| Scroll of Town Portal | 1 | 350 |
| total: | 2 | 450g |
| Peasant | 6 | 450 | / | 0 |
| Footman | 12 | 1620 | / | 0 |
| Siege Engine | 2 | 390 | / | 120 |
| total: | 20 | 2460g | / | 120w |
| Altar of Kings | 1 | 180 | / | 50 |
| Barracks | 1 | 160 | / | 60 |
| Farm | 10 | 800 | / | 200 |
| Lumber Mill | 1 | 120 | / | 0 |
| Blacksmith | 1 | 140 | / | 60 |
| Arcane Vault | 1 | 130 | / | 30 |
| Town Hall | 1 | 385 | / | 205 |
| Workshop | 2 | 280 | / | 280 |
| Keep | 1 | 320 | / | 210 |
| Castle | 1 | 360 | / | 210 |
| total: | 18 | 2195g | / | 885w |
| 0:05 | Altar of Kings |
| 0:09 | Barracks |
| 0:12 | Farm |
| 0:16 | Peasant |
| 0:32 | Peasant |
| 0:37 | Peasant |
| 0:55 | Farm |
| 1:15 | Peasant |
| 1:27 | Peasant |
| 1:31 | Footman |
| 1:44 | Footman |
| 1:58 | Footman |
| 2:13 | Footman |
| 2:21 | Farm |
| 2:25 | Storm Bolt |
| 2:34 | Footman |
| 3:57 | Footman |
| 3:57 | Footman |
| 3:57 | Defend |
| 4:02 | Lumber Mill |
| 4:08 | Farm |
| 4:24 | Blacksmith |
| 4:49 | Farm |
| 5:19 | Keep |
| 5:49 | Farm |
| 5:50 | Farm |
| 5:54 | Black Gunpowder |
| 5:55 | Studded Leather Armor |
| 5:58 | Footman |
| 6:55 | Bash |
| 7:03 | Footman |
| 7:03 | Footman |
| 7:22 | Arcane Vault |
| 8:03 | Workshop |
| 8:05 | Workshop |
| 8:08 | Improved Lumber Harvesting |
| 8:49 | Scroll of Regeneration |
| 8:50 | Scroll of Town Portal |
| 9:00 | Castle |
| 9:40 | Footman |
| 9:40 | Footman |
| 9:55 | Farm |
| 9:57 | Farm |
| 9:59 | Farm |
| 11:08 | Iron Plating |
| 11:21 | Peasant |
| 11:23 | Siege Engine |
| 11:25 | Siege Engine |
| 11:37 | Barrage |
| 12:34 | Town Hall |
| Right click | 325 |
| Select | 174 |
| Select group | 53 |
| Build/train/purchase | 40 |
| Assign group | 9 |
| Use ability | 7 |
| Resource trade | 5 |
| Minimap ping | 3 |
| Esc | 1 |


| Rod of Necromancy | 1 | 150 |
| total: | 1 | 150g |
| Acolyte | 12 | 900 | / | 0 |
| Ghoul | 11 | 1320 | / | 0 |
| Meat Wagon | 5 | 1150 | / | 250 |
| Abomination | 4 | 960 | / | 280 |
| Necromancer | 3 | 435 | / | 60 |
| total: | 35 | 4765g | / | 590w |
| Nerubian Tower | 2 | 200 | / | 40 |
| Crypt | 1 | 200 | / | 50 |
| Tomb of Relics | 1 | 130 | / | 30 |
| Ziggurat | 11 | 1650 | / | 550 |
| Altar of Darkness | 1 | 180 | / | 50 |
| Graveyard | 2 | 430 | / | 0 |
| Sacrificial Pit | 1 | 75 | / | 150 |
| Slaughterhouse | 2 | 280 | / | 270 |
| Temple of the Damned | 1 | 155 | / | 140 |
| Halls of the Dead | 1 | 320 | / | 210 |
| Black Citadel | 1 | 325 | / | 230 |
| total: | 20 | 3100g | / | 1240w |
| 0:10 | Acolyte |
| 0:14 | Crypt |
| 0:20 | Tomb of Relics |
| 0:25 | Ziggurat |
| 0:54 | Acolyte |
| 0:57 | Altar of Darkness |
| 1:18 | Ghoul |
| 1:28 | Ghoul |
| 1:39 | Ghoul |
| 1:53 | Ziggurat |
| 2:07 | Ghoul |
| 2:39 | Graveyard |
| 2:48 | Ghoul |
| 2:53 | Nerubian Tower |
| 3:05 | Vampiric Aura |
| 3:48 | Acolyte |
| 3:49 | Acolyte |
| 3:49 | Acolyte |
| 3:49 | Acolyte |
| 3:50 | Acolyte |
| 4:12 | Rod of Necromancy |
| 4:45 | Ghoul |
| 5:28 | Ziggurat |
| 5:46 | Halls of the Dead |
| 5:49 | Nerubian Tower |
| 5:59 | Ghoul |
| 6:19 | Ziggurat |
| 6:59 | Ghoul |
| 7:00 | Ghoul |
| 7:04 | Ziggurat |
| 7:44 | Sleep |
| 7:51 | Cannibalize |
| 7:58 | Graveyard |
| 8:14 | Black Citadel |
| 8:29 | Ghoul |
| 8:29 | Ghoul |
| 8:36 | Ziggurat |
| 9:44 | Sacrificial Pit |
| 9:55 | Slaughterhouse |
| 10:00 | Vampiric Aura |
| 10:42 | Temple of the Damned |
| 10:49 | Unholy Armor |
| 10:50 | Unholy Strength |
| 11:02 | Exhume Corpses |
| 11:03 | Meat Wagon |
| 11:04 | Meat Wagon |
| 12:04 | Acolyte |
| 12:04 | Acolyte |
| 12:05 | Acolyte |
| 12:05 | Acolyte |
| 12:05 | Acolyte |
| 12:15 | Slaughterhouse |
| 12:25 | Skeletal Mastery |
| 12:28 | Necromancer Adept Training |
| 13:05 | Ziggurat |
| 14:16 | Frost Nova |
| 15:07 | Necromancer Master Training |
| 15:09 | Meat Wagon |
| 15:11 | Abomination |
| 15:12 | Abomination |
| 15:13 | Necromancer |
| 15:14 | Necromancer |
| 15:14 | Necromancer |
| 15:43 | Storm Bolt |
| 18:06 | Meat Wagon |
| 18:06 | Meat Wagon |
| 19:48 | Ziggurat |
| 19:49 | Ziggurat |
| 19:55 | Abomination |
| 19:55 | Abomination |
| 20:41 | Ziggurat |
| 20:42 | Ziggurat |
| Right click | 757 |
| Select group | 347 |
| Select | 250 |
| Build/train/purchase | 61 |
| Use ability | 24 |
| Assign group | 20 |
| Resource trade | 17 |
| Minimap ping | 7 |

| Healing Salve | 1 | 100 |
| total: | 1 | 100g |
| Peon | 20 | 1500 | / | 0 |
| Grunt | 8 | 1600 | / | 0 |
| Raider | 17 | 3060 | / | 680 |
| Kodo Beast | 4 | 1020 | / | 240 |
| total: | 49 | 7180g | / | 920w |
| Watch Tower | 3 | 330 | / | 240 |
| Altar of Storms | 1 | 180 | / | 50 |
| Orc Burrow | 7 | 1120 | / | 280 |
| Barracks | 1 | 180 | / | 50 |
| Voodoo Lounge | 1 | 130 | / | 30 |
| War Mill | 1 | 205 | / | 0 |
| Great Hall | 1 | 385 | / | 185 |
| Beastiary | 1 | 145 | / | 140 |
| Tauren Totem | 2 | 270 | / | 310 |
| Stronghold | 1 | 315 | / | 190 |
| Fortress | 1 | 325 | / | 190 |
| Barracks | 1 | 160 | / | 60 |
| total: | 19 | 3105g | / | 1345w |
| 0:07 | Peon |
| 0:08 | Peon |
| 0:17 | Altar of Storms |
| 0:24 | Orc Burrow |
| 0:34 | Barracks |
| 0:44 | Peon |
| 0:53 | Peon |
| 1:04 | Peon |
| 1:16 | Peon |
| 1:34 | Pillage |
| 1:50 | Orc Burrow |
| 1:59 | Grunt |
| 2:20 | Grunt |
| 2:37 | Shockwave |
| 2:49 | Voodoo Lounge |
| 2:59 | Orc Burrow |
| 3:11 | Grunt |
| 3:42 | Grunt |
| 4:02 | War Mill |
| 4:27 | Grunt |
| 4:47 | Grunt |
| 4:55 | War Stomp |
| 5:08 | Healing Salve |
| 5:19 | Stronghold |
| 5:49 | Grunt |
| 7:03 | Steel Melee Weapons |
| 7:03 | Steel Armor |
| 7:09 | Orc Burrow |
| 7:17 | Grunt |
| 7:23 | Orc Burrow |
| 7:32 | Watch Tower |
| 7:42 | Fortress |
| 7:55 | Beastiary |
| 8:27 | Endurance Aura |
| 9:00 | Orc Burrow |
| 9:23 | Great Hall |
| 9:28 | Thorium Melee Weapons |
| 9:40 | Ensnare |
| 10:09 | Peon |
| 10:10 | Peon |
| 10:16 | Raider |
| 10:17 | Raider |
| 10:37 | War Drums Damage Increase |
| 11:29 | Shockwave |
| 11:47 | Raider |
| 11:48 | Raider |
| 11:50 | Kodo Beast |
| 12:06 | Peon |
| 12:07 | Peon |
| 12:15 | Orc Burrow |
| 12:21 | Peon |
| 12:22 | Peon |
| 12:23 | Peon |
| 12:24 | Peon |
| 12:45 | Kodo Beast |
| 12:50 | Liquid Fire |
| 13:48 | Arcanite Melee Weapons |
| 13:49 | Thorium Armor |
| 13:49 | Spiked Barricades |
| 14:07 | Raider |
| 14:07 | Raider |
| 15:16 | Peon |
| 15:16 | Peon |
| 15:20 | Raider |
| 15:27 | Kodo Beast |
| 15:29 | Raider |
| 16:01 | Raider |
| 16:01 | Raider |
| 17:45 | Raider |
| 17:45 | Raider |
| 17:45 | Raider |
| 17:45 | Raider |
| 17:46 | Kodo Beast |
| 20:23 | Raider |
| 20:23 | Raider |
| 20:43 | Watch Tower |
| 20:45 | Watch Tower |
| 20:58 | Raider |
| 21:14 | Tauren Totem |
| 21:15 | Tauren Totem |
| 21:30 | Peon |
| 21:30 | Peon |
| 21:30 | Peon |
| 21:31 | Peon |
| 21:40 | Barracks |
| Right click | 728 |
| Select | 175 |
| Build/train/purchase | 78 |
| Select group | 66 |
| Assign group | 24 |
| Use ability | 15 |
| Resource trade | 9 |
⇛